AoeStats
← TreeFugger69

Arena

508267150Analyzed
4v4 RM · 12d ago on Sep 21, 2026· 53m 8s· 8 players
Game mode
Random Map
Map size
Large (8 player)
Population
200
Speed
Normal
Resources
Standard
Victory
Conquest
Starting age
Dark Age
Ending age
Imperial Age
RankedLock teamsTeams togetherTeam positionsShared explorationLock speedFull tech treeHidden civsTurbo modeCheats
Victory
Defeat
🇹🇷 Persians · Türkiye
1021
+12
🇹🇷 Italians · Türkiye
969
+14
🇺🇸 Spanish · United States
903
+17
🇺🇸 Franks · United States
823
+21
🇩🇪 Persians · Germany
966
-17
🇬🇧 Muisca · United Kingdom
925
-16
🇷🇺 Bohemians · Russia
924
-16
🇺🇸 Teutons · United States
904
-15
Horahlooks
12:17 Feudal Age
16:05 Castle Age
13:52 Double-Bit Axe
14:08 Horse Collar
16:55 Bow Saw
16:49 Gold Mining
19:07 Stone Mining
21:07 Wheelbarrow
25:00 Town Watch
25:01 Loom
28:35 Imperial Age
26:15 Fletching
26:26 Padded Archer Armor
26:59 Bodkin Arrow
27:39 Hand Cart
28:08 Ballistics
28:30 Leather Archer Armor
28:52 Heavy Plow
29:44 Bracer
30:47 Chemistry
31:44 Crop Rotation
32:16 Two-Man Saw
31:51 Scale Mail Armor
32:02 Forging
32:41 Conscription
32:09 Elite Temple Guard
32:49 Squires
34:11 Gold Shaft Mining
34:03 Herbalism
35:01 Chain Mail Armor
34:42 Treadmill Crane
35:12 Thumb Ring
39:00 Plate Mail Armor
39:05 Iron Casting
40:15 Huaracas
Toast
11:12 Feudal Age
11:49 Double-Bit Axe
13:51 Horse Collar
16:53 Castle Age
16:27 Stone Mining
17:46 Bow Saw
17:25 Loom
17:27 Town Watch
18:57 Wheelbarrow
24:06 Town Watch
25:04 Bloodlines
25:41 Hand Cart
25:44 Scale Barding Armor
27:20 Chain Barding Armor
27:12 Forging
28:51 Heavy Plow
29:16 Gold Mining
30:01 Stone Shaft Mining
31:00 Iron Casting
31:25 Thumb Ring
30:40 Crossbowman
32:27 Elite Skirmisher
34:23 Fletching
34:34 Padded Archer Armor
35:18 Kamandaran
38:10 Imperial Age
37:05 Husbandry
37:49 Bodkin Arrow
38:10 Leather Archer Armor
39:36 Chemistry
38:57 Ballistics
39:43 Plate Barding Armor
40:08 Blast Furnace
40:18 Two-Man Saw
39:00 Light Cavalry
39:02 Cavalier
41:31 Ring Archer Armor
41:40 Gold Shaft Mining
41:15 Cavalier
41:17 Hussar
42:16 Masonry
43:53 Hoardings
44:06 Conscription
44:16 Savar
BalticStorm
12:18 Feudal Age
16:37 Castle Age
15:29 Double-Bit Axe
16:30 Fletching
21:25 Loom
35:25 Bow Saw
47:47 Wheelbarrow
48:25 Bodkin Arrow
49:09 Scale Mail Armor
49:20 Forging
49:51 Pikeman
51:35 Chain Mail Armor
51:51 Squires
52:29 Iron Casting
TreeFugger69
6:33 Loom
11:05 Feudal Age
11:52 Horse Collar
11:58 Double-Bit Axe
17:26 Castle Age
16:24 Gold Mining
19:43 Wheelbarrow
23:21 Scale Mail Armor
27:58 Fletching
30:08 Squires
32:17 Elite Skirmisher
34:08 Chain Mail Armor
33:49 Bodkin Arrow
38:09 Pikeman
Erşan Kuneri
8:31 Loom
11:06 Feudal Age
11:30 Double-Bit Axe
11:30 Horse Collar
19:18 Castle Age
18:05 Stone Mining
18:05 Gold Mining
19:06 Forging
20:12 Heavy Plow
20:24 Bow Saw
30:20 Imperial Age
28:42 Ballistics
28:33 Careening
28:34 Masonry
28:22 Murder Holes
29:37 Wheelbarrow
29:56 Elite War Elephant
30:54 Scale Barding Armor
31:58 Crop Rotation
33:15 Iron Casting
33:04 Chain Barding Armor
36:17 Blast Furnace
35:53 Plate Barding Armor
37:22 Fletching
37:32 Padded Archer Armor
39:28 Hand Cart
41:57 Town Watch
43:25 Two-Man Saw
47:02 Hoardings
46:28 Kamandaran
46:38 Citadels
46:49 Conscription
46:28 Bodkin Arrow
46:48 Leather Archer Armor
47:05 Architecture
47:36 Chemistry
47:18 Gold Shaft Mining
47:40 Town Patrol
49:10 Stone Shaft Mining
48:31 Guard Tower
49:12 Ring Archer Armor
48:43 Scale Mail Armor
48:49 Caravan
53:03 Coinage
52:44 Guilds
52:53 Chain Mail Armor
52:26 Arson
52:42 Squires
52:27 Gambesons
52:03 Man-at-Arms
52:03 Pikeman
52:11 Man-at-Arms
52:12 Pikeman
52:37 Sappers
im just gettin lucky
10:28 Feudal Age
11:03 Double-Bit Axe
20:05 Castle Age
23:23 Wheelbarrow
24:18 Bow Saw
25:16 Stone Mining
25:25 Gold Mining
35:00 Imperial Age
35:13 Husbandry
35:40 Scale Barding Armor
35:46 Forging
35:32 Cavalier
36:19 Gold Mining
37:45 Chain Barding Armor
38:00 Iron Casting
36:58 Paladin
38:07 Conscription
37:48 Chivalry
39:38 Plate Barding Armor
40:04 Blast Furnace
46:00 Caravan
49:47 Gold Shaft Mining
demir perde
10:51 Feudal Age
11:24 Double-Bit Axe
11:20 Horse Collar
18:01 Castle Age
16:39 Gold Mining
16:39 Stone Mining
19:00 Bow Saw
18:51 Heavy Plow
19:31 Stone Shaft Mining
19:33 Wheelbarrow
18:44 Loom
22:21 Fletching
23:32 Murder Holes
24:52 Ballistics
25:51 Bodkin Arrow
31:51 Imperial Age
29:09 Town Watch
29:47 Padded Archer Armor
29:58 Forging
30:32 Hand Cart
30:34 Forging
30:25 Scale Mail Armor
32:00 Iron Casting
31:40 Leather Archer Armor
32:47 Chain Mail Armor
35:49 Bloodlines
35:40 Husbandry
35:01 Light Cavalry
36:53 Bracer
45:48 Crop Rotation
47:41 Hand Cart
47:27 Town Patrol
47:58 Ring Archer Armor
48:28 Blast Furnace
47:59 Plate Mail Armor
47:58 Scale Barding Armor
48:37 Elite Genoese Crossbowman
49:43 Conscription
50:59 Two-Man Saw
Booger Flicker X
9:54 Feudal Age
12:07 Loom
15:16 Castle Age
24:52 Double-Bit Axe
24:48 Horse Collar
26:35 Bow Saw
26:30 Heavy Plow
27:19 Wheelbarrow
34:02 Imperial Age
31:50 Hand Cart
32:18 Scale Barding Armor
33:13 Gold Mining
33:41 Bloodlines
33:42 Husbandry
34:04 Chain Barding Armor
33:55 Forging
35:24 Plate Barding Armor
35:24 Iron Casting
34:11 Cavalier
37:14 Blast Furnace
35:41 Paladin
44:34 Murder Holes
45:00 Ballistics
46:25 Stone Mining
50:13 Stone Shaft Mining
51:31 Conscription
Connection lost

Rejoining the realm…

Still unreachable

The connection could not be restored.

Session expired

The server has moved on; the page needs a fresh start.